 Dungeon Crawl Stone Soup version 0.17-a0-1403-g9df874c (webtiles) character file.

126319 KarvaRausku the Severer (level 16, -1/147 HPs)
             Began as a Hill Orc Gladiator on June 20, 2015.
             Was the Champion of Beogh.
             Killed from afar by an ogre mage (28 damage)
             ... with a bolt of lightning
             ... on level 4 of the Orcish Mines on June 21, 2015.
             The game lasted 01:44:52 (30186 turns).

KarvaRausku the Severer (Hill Orc Gladiator)       Turns: 30186, Time: 01:44:52

Health: -1/147     AC: 37    Str: 38    XL:     16   Next: 98%
Magic:  23/23      EV: 10    Int:  8    God:    Beogh [******]
Gold:   2751       SH:  0    Dex: 18    Spells: 1 memorised, 22 levels left

rFire  + + .     SeeInvis +     I - +5 bardiche "Jorig" {vamp, rF+ Str+6}
rCold  . . .     Clarity  +     Z - +6 plate armour {rPois}
rNeg   + . .     SustAt   .     (no shield)
rPois  +         Gourm    .     L - +0 helmet
rElec  .         Spirit   .     Q - +2 cloak
rCorr  .         Warding  .     F - +2 pair of gloves
rMut   .         Stasis   .     g - +0 pair of boots
MR     +....                    k - amulet "Miunn" {Clar rF+ rN+ SInv}
Stlth  ..........               S - +4 ring of dexterity
                                K - +5 ring of strength

@: mighty, lethally poisoned (-1 -> -3), hasted, very quick, somewhat resistant
to hostile enchantments, extremely unstealthy
A: walk on water
a: Smiting, Recall Orcish Followers, Give Item to Named Follower, Renounce
Religion


You were on level 4 of the Orcish Mines.
You worshipped Beogh.
Beogh was exalted by your worship.
You were not hungry.

You visited 5 branches of the dungeon, and saw 32 of its levels.
You also visited: Bailey.

You collected 3075 gold pieces.
You spent 324 gold pieces at shops.

Inventory:

Hand weapons
 l - the +8 dagger "Penk" {pierce, rN+}
   (You found it on level 7 of the Dungeon)

   It inflicts extra damage upon your enemies.
   It protects you from negative energy.
 H - a cursed -3 battleaxe
 I - the +5 bardiche "Jorig" (weapon) {vamp, rF+ Str+6}
   (You found it on level 13 of the Dungeon)

   It inflicts no extra harm, but heals its wielder somewhat when it strikes a
   living foe.
   It affects your strength (+6).
   It protects you from fire.
Missiles
 d - 2 throwing nets (quivered)
 j - 4 javelins of returning
Armour
 c - a +4 plate armour of fire resistance
 g - a +0 pair of boots (worn)
 y - a +1 shield
 C - the +1 scale mail of the Gods {rPois Int+2 Slay+3}
   (You found it on level 4 of the Dungeon)

   It affects your intelligence (+2).
   It affects your accuracy and damage with ranged weapons and melee attacks
   (+3).
   It protects you from poison.
 F - a +2 pair of gloves (worn)
 L - a +0 helmet (worn)
 Q - a +2 cloak (worn)
 Z - a +6 plate armour of poison resistance (worn)
Jewellery
 k - the amulet "Miunn" (around neck) {Clar rF+ rN+ SInv}
   (You found it on level 2 of the Lair of Beasts)

   [amulet of clarity]

   It provides mental clarity.
   It protects you from fire.
   It protects you from negative energy.
   It lets you see invisible.
 s - a +2 ring of evasion
 x - an uncursed ring of protection from cold
 J - an uncursed ring of protection from fire
 K - a +5 ring of strength (left hand)
 O - an uncursed amulet of faith {unknown}
 S - a +4 ring of dexterity (right hand)
 Y - an uncursed ring of stealth
Magical devices
 b - a wand of fire (4)
 n - a wand of paralysis (8)
 u - a wand of hasting (2)
 N - a wand of random effects (19)
 P - a wand of draining (7)
 W - a wand of cold (5)
Scrolls
 f - 11 scrolls of remove curse
 i - 8 scrolls of identify
 m - 11 scrolls of magic mapping
 o - 7 scrolls of amnesia
 r - 4 scrolls of recharging
 B - 3 scrolls of fog
 D - 7 scrolls of fear
 E - 5 scrolls of teleportation
 R - 10 scrolls of enchant weapon
Potions
 p - 4 potions of brilliance
 q - a potion of might
 t - 2 potions of cancellation
 z - 2 potions of agility
 A - 14 potions of curing
 G - a potion of resistance
 M - a potion of cure mutation
 T - 3 potions of berserk rage
 U - 6 potions of flight
 V - 2 potions of lignification
 X - 2 potions of magic
Books
 v - a Necronomicon {highlevel, unknown}

   This book is beyond your current level of understanding.

   Spells                             Type                      Level
   a - Haunt                          Necromancy/Summoning         7
   b - Borgnjor's Revivification      Necromancy                   8
   c - Death's Door                   Charms/Necromancy            8
   d - Necromutation                  Transmutation/Necromancy     8
Comestibles
 e - 17 bread rations
 h - 10 meat rations
 w - 32 fruits


   Skills:
 + Level 14.9 Fighting
 - Level 16.7(18.9) Axes
 * Level 13.5(15.9) Polearms
 - Level 2.0 Throwing
 * Level 16.1 Armour
 - Level 2.4 Dodging
 - Level 10.0 Shields
 - Level 5.0 Spellcasting
 - Level 6.6 Summonings


You had 22 spell levels left.
You knew the following spells:

 Your Spells              Type           Power        Failure   Level  Hunger
a - Call Canine Familiar  Summ           ##......     21%         3    ###....


Dungeon Overview and Level Annotations

Branches:
Dungeon (15/15)            Temple (1/1) D:7            Lair (8/8) D:10
 Shoals (0/4) Lair:4        Snake (4/4) Lair:4        Slime (0/6) Lair:6
    Orc (4/4) D:12            Elf (0/3) Orc:4        Vaults (0/5) D:14
 Depths (0/5) D:15

Altars:
Ashenzari
Cheibriados
Dithmenos
Elyvilon
Gozag
Kikubaaqudgha
Makhleb
Nemelex Xobeh
Okawaru
Qazlal
Ru
Sif Muna
Trog
Vehumet
Xom
Yredelemnul
Zin
The Shining One
Beogh

Shops:
D:4 }   D:9 =   Orc:4 (

Annotations:
D:9 1 runed door


Message History

The ogre mage points at you and mumbles some strange words.
Your orc appears confused.
Your orc priest hits the hill giant with a short sword.
The hill giant hits your orc with a giant spiked club!!
Your orc dies!
Your orc wizard casts a spell.
Your orc wizard seems to speed up.
Your orc hits the ogre mage but does no damage.
Your orc hits the hill giant with a hand axe.
The troll bites your orc. The troll claws your orc!
Your orc dies!
The ogre barely misses your orc wizard.
You see here an orc corpse.
Drink which item? (? for menu, Esc to quit)
You feel yourself speed up.
You feel sick. The ogre mage casts a spell at you.
The bolt of lightning hits you!
* * * LOW HITPOINT WARNING * * *
The bolt of lightning hits you!
You die...

#.. ##.....<..... ##..#
##............ ## ..$.
##.........o... .#.##...
#.........o.... ....#...##
##....o..o.....
.......#o####....o#o.oo.o.
....#.Ooooo##....#ooo..ooo
.....COCooooo....o#.....o.
.....#OO)@)##....###.....)
.....TTT#oo#....####....#.
...)OOOO#o....### #.......
...)OOOT##.#.## ###^##...
......T####..)# ##.##..#..
......# ##.## #..o......
..∩... ### ##.##o..oo
....$. #####.... ..O...
##....


You could see a hill giant, 2 ogre magi, a cyclops, 3 trolls, a two-headed ogre,
6 ogres, a friendly orc priest, a friendly orc wizard and 11 friendly orcs.

Vanquished Creatures
  Frances (Snake:2)
  3 greater nagas (Snake:2)
  Donald (Snake:1)
  Maud (Lair:4)
  Nessos (Lair:7)
  2 naga warriors
  3 hydras
  5 anacondas
  7 death yaks
  A centaur warrior (D:15)
  A tengu warrior (D:13)
  A catoblepas (D:11)
  3 naga sharpshooters
  The ghost of Frelus the Covert, an experienced SpEn of Kikubaaqudgha (D:8)
  A deep troll (Orc:4)
  2 unseen horrors
  4 hill giants
  2 naga ritualists
  Pikel (D:8)
  2 ugly things
  3 mana vipers
  2 salamanders
  An orc knight (Bailey)
  A griffon (D:15)
  A manticore (D:13)
  3 cyclopes
  3 naga magi
  3 elephants (Lair:2)
  A guardian serpent (Snake:3)
  12 black mambas
  A molten gargoyle (D:11)
  The ghost of hackum the Shooter, an experienced DgHu (D:5)
  2 gargoyles
  7 spiny frogs
  2 komodo dragons
  A yaktaur (D:15)
  2 fire drakes
  2 blink frogs (Lair:7)
  5 polar bears
  5 two-headed ogres
  7 trolls
  A boulder beetle (Lair:7)
  3 slime creatures
  2 redbacks (Lair:8)
  2 trapdoor spiders (shapeshifter)
  6 wyverns
  4 spriggans
  A deep elf fighter (D:10)
  19 yaks
  A steam dragon (D:13)
  12 wolves
  A basilisk (Lair:7)
  A deep elf mage (D:13)
  3 hungry ghosts
  5 hippogriffs
  A mottled dragon (D:15)
  10 humans
  13 nagas
  A soldier ant (D:12)
  5 sky beasts
  10 water moccasins
  8 orc warriors
  5 centaurs
  7 black bears
  5 porcupines
  A wasp (Lair:8)
  An eye of draining (D:15)
  2 phantoms
  10 ogres
  An ice beast (D:12)
  9 crocodiles
  11 giant frogs
  3 big kobolds
  2 wyvern zombies
  11 killer bees
  2 scorpions
  A spriggan skeleton (D:9)
  7 hounds
  5 jellies
  3 quasits
  2 lava snakes (D:11)
  2 wights (D:11)
  7 orc priests
  2 centaur zombies
  A giant frog zombie (D:13)
  8 crimson imps
  A giant frog skeleton (D:13)
  5 iguanas
  9 orc wizards
  3 centaur skeletons
  Natasha (twice) (D:4)
  9 worker ants
  13 sheep
  2 hound zombies
  2 worker ant zombies
  12 adders
  38 river rats
  A gnoll (D:10)
  2 shadow imps
  10 oozes
  2 adder skeletons
  5 worms
  9 giant geckos
  44 orcs
  A ball python (D:6)
  16 bats
  2 bat skeletons
  8 giant cockroaches
  19 goblins
  17 hobgoblins
  7 jackals
  9 quokkas
  A giant gecko zombie (D:7)
  8 giant newts
  30 kobolds
  20 rats
  2 fungi (D:10)
  3 plants (D:10)
637 creatures vanquished.

Vanquished Creatures (collateral kills)
  Agnes (Snake:2)
  2 greater nagas
  Louise (D:15)
  2 vault guards (D:14)
  A yaktaur captain (D:15)
  3 hydras
  5 naga warriors
  4 anacondas
  A fire crab (Lair:4)
  18 death yaks
  A centaur warrior (D:13)
  5 shock serpents
  3 hill giants
  7 mana vipers
  3 orc knights (Bailey)
  A lindwurm (Lair:8)
  4 naga ritualists
  A necromancer (D:14)
  A cyclops (D:15)
  5 salamanders
  2 griffons
  2 wizards (D:14)
  A siren (Lair:4)
  10 ugly things
  A centaur zombie (D:14)
  17 black mambas
  6 naga magi
  An elephant (Lair:2)
  4 spiny frogs
  Psyche (Lair:7)
  A torpor snail (Lair:3)
  A centaur skeleton (D:15)
  2 guardian serpents (Snake:3)
  An efreet (D:15)
  A redback zombie (D:15)
  A spriggan druid (Lair:8)
  4 komodo dragons
  5 polar bears
  A troll (D:12)
  A two-headed ogre (D:12)
  3 slime creatures (D:13)
  9 spriggans (Lair:8)
  A hornet zombie (D:15)
  7 blink frogs
  2 redbacks (Lair:8)
  A vampire (D:15)
  4 basilisks
  2 wyverns
  16 humans
  25 yaks
  A mottled dragon (D:15)
  5 hippogriffs
  11 nagas
  11 water moccasins
  10 wolves
  A soldier ant (D:15)
  5 porcupines
  7 orc warriors
  7 ogres
  2 wasps (Lair:8)
  2 black bears (Lair:8)
  2 necrophages (D:11)
  3 centaurs
  A big kobold (D:11)
  6 crocodiles
  8 giant frogs
  A scorpion (D:13)
  An electric eel (Lair:5)
  2 wights (D:11)
  10 killer bees
  A jelly (Lair:3)
  2 iguanas
  3 orc wizards
  A hound (Lair:7)
  3 orc priests
  Jessica (Lair:7)
  5 sheep
  32 river rats
  6 oozes (Lair:3)
  17 orcs
  6 goblins
  3 hobgoblins
  A kobold (D:11)
  4 jackals
  A bush (Lair:8)
  A fungus (Lair:8)
  3 plants
388 creatures vanquished.

Vanquished Creatures (others)
  2 orc warlords
  2 orc knights
  An orc sorcerer (Orc:4)
  10 orc warriors
  A slave (D:8)
  8 orc wizards
  6 orc priests
  81 orcs
  2 fungi (Lair:7)
  A plant (Lair:2)
114 creatures vanquished.

Grand Total: 1139 creatures vanquished

Notes
Turn   | Place    | Note
--------------------------------------------------------------
     0 | D:1      | KarvaRausku the Hill Orc Gladiator began the quest for the Orb.
     0 | D:1      | Reached XP level 1. HP: 18/18 MP: 1/1
    43 | D:1      | Reached XP level 2. HP: 25/25 MP: 2/2
   255 | D:1      | Reached skill level 5 in Axes
   685 | D:1      | Reached XP level 3. HP: 30/30 MP: 3/3
  1259 | D:2      | Reached skill level 6 in Axes
  1710 | D:2      | Reached XP level 4. HP: 33/37 MP: 4/4
  1953 | D:3      | Found a snail-covered altar of Cheibriados.
  1967 | D:3      | Reached skill level 7 in Axes
  2132 | D:3      | Reached XP level 5. HP: 42/42 MP: 5/5
  2242 | D:3      | Found a shimmering altar of Xom.
  2242 | D:3      | Found a burning altar of Makhleb.
  2245 | D:3      | Paralysed by a crimson imp for 3 turns
  2443 | D:4      | Noticed an ogre
  2562 | D:4      | Found a stormy altar of Qazlal.
  2947 | D:4      | Noticed Natasha
  2956 | D:4      | Killed Natasha
  2956 | D:4      | Reached skill level 8 in Axes
  2960 | D:4      | Got a fine scale mail
  3036 | D:4      | Found Meriob's Gadget Shoppe.
  3532 | D:4      | Reached XP level 6. HP: 50/50 MP: 6/6
  3555 | D:4      | Noticed Natasha
  3571 | D:4      | Killed Natasha
  3703 | D:4      | Killed an ogre
  3703 | D:4      | Reached skill level 9 in Axes
  3833 | D:5      | Entered Level 5 of the Dungeon
  3834 | D:5      | Identified the +1 scale mail of the Gods {rPois Int+2 Slay+3} (You found it on level 4 of the Dungeon)
  3898 | D:5      | Reached skill level 10 in Axes
  3898 | D:5      | Reached XP level 7. HP: 54/56 MP: 7/7
  4037 | D:5      | Reached skill level 11 in Axes
  4110 | D:5      | Noticed hackum's ghost (experienced DgHu)
  4489 | D:5      | Killed hackum's ghost
  4489 | D:5      | Reached skill level 12 in Axes
  4489 | D:5      | Reached XP level 8. HP: 35/62 MP: 8/8
  4694 | D:5      | Reached skill level 1 in Armour
  4694 | D:5      | Reached skill level 1 in Shields
  4853 | D:6      | Found a shimmering altar of Xom.
  5185 | D:6      | Reached skill level 13 in Axes
  5536 | D:6      | Reached XP level 9. HP: 55/71 MP: 9/9
  5932 | D:7      | Found a glowing golden altar of the Shining One.
  6046 | D:7      | Got a fine dagger
  6227 | D:7      | Found a staircase to the Ecumenical Temple.
  6238 | D:7      | Reached skill level 5 in Fighting
  6394 | Temple   | Entered the Ecumenical Temple
  6670 | Temple   | Gained mutation: Your body sometimes deteriorates upon taking damage. [potion of mutation]
  6670 | Temple   | Gained mutation: Your muscles are strong. (Str +2) [potion of mutation]
  6670 | Temple   | Gained mutation: Your mind is acute. (Int +2) [potion of mutation]
  7093 | D:8      | Became a worshipper of Beogh the Brigand
  7193 | D:8      | Reached skill level 5 in Shields
  7366 | D:8      | Reached skill level 14 in Axes
  7379 | D:8      | Reached skill level 5 in Armour
  7379 | D:8      | Reached XP level 10. HP: 83/83 MP: 10/10
  7447 | D:8      | Noticed Frelus's ghost (experienced SpEn)
  7476 | D:8      | Killed Frelus's ghost
  7476 | D:8      | Acquired Beogh's first power
  7592 | D:8      | Noticed Pikel
  7606 | D:8      | Killed Pikel
  7957 | D:8      | Found an opulent altar of Gozag.
  9021 | D:9      | Found a runed door.
  9301 | D:9      | Found Jeapreh's Jewellery Shoppe.
  9327 | D:9      | Bought a +4 ring of dexterity for 324 gold pieces
  9335 | D:10     | Entered Level 10 of the Dungeon
  9447 | D:10     | Reached skill level 15 in Axes
  9447 | D:10     | Reached XP level 11. HP: 86/94 MP: 11/11
  9584 | D:10     | Noticed a hill giant
  9597 | D:10     | Killed a hill giant
  9627 | D:10     | Acquired Beogh's second power
 10099 | D:10     | Found a staircase to the Lair.
 10187 | D:11     | Found a sparkling altar of Nemelex Xobeh.
 10431 | D:11     | Noticed a catoblepas
 10437 | D:11     | Found a flagged portal.
 10516 | D:11     | Acquired Beogh's third power
 10805 | Bailey   | Entered a bailey
 11203 | Bailey   | Noticed an orc knight
 11225 | Bailey   | Killed an orc knight
 11250 | Bailey   | Noticed an orc knight
 11250 | Bailey   | Noticed an orc knight
 11268 | Bailey   | Noticed an orc knight
 11274 | Bailey   | Killed an orc knight
 11277 | Bailey   | Killed an orc knight
 11381 | Bailey   | Noticed an orc knight
 11390 | Bailey   | HP: 3/97 [orc knight/trident (17)]
 11392 | Bailey   | Killed an orc knight
 12268 | D:11     | Acquired Beogh's fourth power
 12310 | D:11     | Killed a catoblepas
 12363 | Lair:1   | Entered Level 1 of the Lair of Beasts
 12664 | Lair:1   | Reached XP level 12. HP: 106/106 MP: 12/12
 13048 | Lair:1   | Learned a level 3 spell: Call Canine Familiar
 13137 | Lair:2   | Reached skill level 16 in Axes
 13140 | Lair:2   | Reached skill level 10 in Fighting
 13149 | Lair:2   | Reached skill level 1 in Summonings
 13173 | Lair:2   | Reached skill level 5 in Summonings
 13173 | Lair:2   | Reached XP level 13. HP: 95/113 MP: 12/19
 13229 | Lair:2   | Got a clouded ivory amulet
 13266 | Lair:2   | Identified the amulet "Miunn" {Clar rF+ rN+ SInv} (You found it on level 2 of the Lair of Beasts)
 13394 | Lair:2   | Gained Orbeogh as an ally
 13522 | Lair:2   | Noticed a five-headed hydra
 13836 | Lair:1   | Identified the +8 dagger "Penk" {pierce, rN+} (You found it on level 7 of the Dungeon)
 13838 | Lair:1   | Lost mutation: Your mind is acute. (Int +2) [potion of cure mutation]
 13838 | Lair:1   | Lost mutation: Your body sometimes deteriorates upon taking damage. [potion of cure mutation]
 13838 | Lair:1   | Lost mutation: Your muscles are strong. (Str +2) [potion of cure mutation]
 14060 | D:12     | Found a staircase to the Orcish Mines.
 14607 | D:12     | Acquired Beogh's fifth power
 15579 | D:13     | Gained Bogbarth as an ally
 15830 | D:13     | Got an iridescent bardiche
 16047 | D:13     | Your ally Bogbarth died
 16050 | D:13     | Gained Arbeogh as an ally
 16050 | D:13     | Reached skill level 5 in Spellcasting
 16053 | D:13     | Your ally Arbeogh died
 16490 | D:13     | Identified the +5 bardiche "Jorig" {vamp, rF+ Str+6} (You found it on level 13 of the Dungeon)
 16638 | D:14     | Reached skill level 1 in Polearms
 16757 | D:14     | Reached skill level 10 in Armour
 16761 | D:14     | Reached skill level 10 in Shields
 17126 | D:14     | Reached XP level 14. HP: 124/124 MP: 21/21
 17163 | D:14     | Found a gate to the Vaults.
 17163 | D:14     | Noticed a vault guard
 17163 | D:14     | Noticed a vault guard
 17167 | D:14     | Killed a vault guard
 17172 | D:14     | Killed a vault guard
 17509 | Lair:2   | Reached skill level 5 in Polearms
 17715 | Lair:2   | Gained Bogward as an ally
 18232 | Lair:2   | Killed a ten-headed hydra
 18415 | Lair:3   | Your ally Bogward died
 18715 | Lair:3   | Gained Hawl as an ally
 19211 | Lair:3   | Gained Wulfoc as an ally
 19514 | Lair:4   | Your ally Hawl died
 19533 | Lair:4   | Found a staircase to the Shoals.
 19583 | Lair:4   | Found a staircase to the Snake Pit.
 19640 | Lair:4   | Noticed Maud
 19646 | Lair:4   | Killed Maud
 21189 | Lair:6   | Reached XP level 15. HP: 134/134 MP: 22/22
 21235 | Lair:6   | Found a staircase to the Slime Pits.
 22121 | Lair:7   | Noticed Nessos
 22143 | Lair:7   | Killed Nessos
 22558 | Lair:7   | Noticed Jessica
 22559 | Lair:7   | Noticed Psyche
 22567 | Lair:7   | Killed Jessica
 22578 | Lair:7   | Killed Psyche
 22637 | Lair:7   | Reached skill level 10 in Polearms
 23094 | Lair:8   | Entered Level 8 of the Lair of Beasts
 23327 | Lair:8   | Gained Marbork as an ally
 23573 | Lair:8   | Wulfoc the orc warlord changed into Wulfoc the stone giant
 24421 | D:15     | Entered Level 15 of the Dungeon
 24676 | D:15     | Gained Zartorak as an ally
 24732 | D:15     | Noticed Louise
 24739 | D:15     | Killed Louise
 24800 | D:15     | Your ally Zartorak died
 24911 | D:15     | Found a staircase to the Depths.
 25470 | Snake:1  | Entered Level 1 of the Snake Pit
 25749 | Snake:1  | Noticed Donald
 25753 | Snake:1  | Reached XP level 16. HP: 139/146 MP: 23/23
 25764 | Snake:1  | Killed Donald
 26444 | Snake:2  | Your ally Marbork died
 26445 | Snake:2  | Reached skill level 15 in Armour
 26591 | Snake:2  | Noticed Agnes
 26600 | Snake:2  | Killed Agnes
 26602 | Snake:2  | Wulfoc the orc warlord (ally) was killed
 26602 | Snake:2  | Your ally Wulfoc died
 26603 | Snake:2  | Noticed Frances
 26885 | Snake:2  | Killed Frances
 28270 | Snake:4  | Entered Level 4 of the Snake Pit
 28376 | Snake:4  | Your ally Orbeogh died
 28797 | Orc:1    | Entered Level 1 of the Orcish Mines
 28866 | Orc:1    | Gained Zorug as an ally
 29223 | Orc:2    | Found a roughly hewn altar of Beogh.
 29809 | Orc:4    | Entered Level 4 of the Orcish Mines
 29857 | Orc:4    | Found a staircase to the Elven Halls.
 30142 | Orc:4    | Found Etwazy's Weapon Emporium.
 30169 | Orc:4    | Gained Rocco as an ally
 30170 | Orc:4    | Gained Horkud as an ally
 30172 | Orc:4    | Your ally Horkud died
 30178 | Orc:4    | Your ally Rocco died
 30186 | Orc:4    | Killed from afar by an ogre mage

Vault maps used:
D:1:      dpeg_arrival_sounds_slurp
D:2:      first_bread, minmay_misc_feat_square
D:3:      grunt_temple_overflow_champion_of_chaos, cheibriados_altar_1
D:4:      old_standard_altar, serial_shops, nicolae_shop_window_shopping,
          uniq_natasha
D:5:      st_stairs_13, grunt_ministairs_3
D:6:      wad_river_or_something, xom_teletrap_fun
D:7:      tso_metal_star, minmay_temple_entry_large_hall
D:8:      nicolae_overflow_hidden_temple, uniq_pikel
D:9:      serial_shops, nicolae_shop_behind_doors, hangedman_tell_no_tales,
          minivault_25
D:10:     grunt_lair_entry_elf_guard_hut
D:11:     cheibrodos_magma_flow, enter_bailey_2,
          nemelex_xobeh_ov_fountains_minmay
D:12:     hiddenorc2_lemuel
D:13:     minmay_misc_feat_ornament
D:14:     grunt_vaults_entry_tiered
D:15:     grunt_enter_depths_snipers, uniq_louise
Temple:   minmay_crystal_spiral_temple_12
Lair:3:   lemuel_slime, lemuel_fruit_tree, infiniplex_staircase_pool
Lair:4:   beast_lair_carwin_large_3, minmay_shoals_entry_lonely_mermaid,
          dummy_snake_entry, uniq_maud
Lair:5:   gammafunk_lair_bear_cave
Lair:6:   slime_dummy, serial_bayou_shore_b
Lair:7:   erik_1, grunt_forest_large_clearing_hut, lemuel_fruit_fields,
          uniq_nessos
Lair:8:   minmay_lair_end_enchanted_forest, serial_bayou_shore_b
Snake:1:  grunt_megastairs_2, uniq_donald
Snake:2:  nicolae_snake_shapes, grunt_megastairs_4, uniq_agnes, uniq_frances
Snake:3:  serial_bayou_pond_e, fake_guardian_serpent_vault, serial_bayou_shore_b
Snake:4:  snake_pit
Orc:2:    mines1_david
Orc:3:    nicolae_orc_pool_cavern, uniq_nergalle, uniq_rupert
Orc:4:    st_orc_open
Bailey:   bailey_polearm_5, bailey

Action                   |  1- 3 |  4- 6 |  7- 9 | 10-12 | 13-15 | 16-18 || total
-------------------------+-------+-------+-------+-------+-------+-------++-------
Melee: War axe           |   103 |   217 |   347 |   495 |   249 |       ||  1411
       Bardiche          |       |       |       |       |   657 |   348 ||  1005
Throw: Throwing net      |       |       |       |     1 |       |       ||     1
Invok: Recall Orcish Fol |       |       |       |     2 |     6 |     5 ||    13
       Stop Recall       |       |       |       |       |     2 |     1 ||     3
       Give Item to Name |       |       |       |       |     1 |       ||     1
Evoke: Wand              |       |       |       |     5 |     1 |     1 ||     7
  Use: Scroll            |       |     4 |     8 |    18 |    15 |     5 ||    50
       Potion            |       |       |     1 |    11 |     3 |     4 ||    19
 Stab: Paralysed         |       |       |       |     7 |       |       ||     7
       Distracted        |       |       |       |     1 |    11 |     3 ||    15
       Fleeing           |       |       |       |       |     1 |       ||     1
  Eat: Chunk             |     2 |     7 |    10 |    13 |    23 |     2 ||    57
       Fruit             |       |     1 |       |       |     8 |       ||     9
       Pizza             |       |       |     1 |     4 |     2 |       ||     7
       Beef jerky        |       |       |       |     1 |     4 |     1 ||     6
       Meat ration       |       |       |       |       |     1 |     2 ||     3
       Royal jelly       |       |       |       |       |     1 |       ||     1
       Bread ration      |       |       |       |       |       |     1 ||     1
